 Dungeon Crawl Stone Soup version 0.29-a0-653-gd47aff6735 (webtiles) character file.

Game seed: 16401035403683218557

42 DocClef the Skirmisher (level 3, -7/34 HPs)
             Began as a Minotaur Gladiator on June 21, 2022.
             Killed by nerve-wracking pain
             ... invoked by an orc priest
              (8 damage)
             ... on level 3 of the Dungeon.
             The game lasted 00:01:36 (1519 turns).

DocClef the Skirmisher (Minotaur Gladiator)         Turns: 1519, Time: 00:01:37

Health: -7/34      AC:  3    Str: 20    XL:     3   Next: 33%
Magic:  2/2        EV: 12    Int:  5    God:
Gold:   77         SH:  0    Dex: 11    Spells: 2/2 levels left

rFire   . . .      SeeInvis .   a - +0 war axe
rCold   . . .      Faith    .   (no shield)
rNeg    . . .      Spirit   .   b - +0 leather armour
rPois   .          Reflect  .   c - +0 hat
rElec   .          Harm     .   (no cloak)
rCorr   .          Rampage  .   (no gloves)
Will    .....                   (no boots)
Stlth   +.........              (no amulet)
HPRegen 0.11/turn               (no ring)
MPRegen 0.08/turn               (no ring)

@: no status effects
A: horns 2, retaliatory headbutt
a: no special abilities


You were on level 3 of the Dungeon.
You visited 1 branch of the dungeon, and saw 3 of its levels.

You collected 77 gold pieces.

Inventory:

Hand Weapons
 a - a +0 war axe (weapon)
Missiles
 d - 3 throwing nets (quivered)
 e - a javelin
Armour
 b - a +0 leather armour (worn)
 c - a +0 hat (worn)
Jewellery
 f - a +4 ring of slaying
Scrolls
 g - a scroll of magic mapping
 i - a scroll of fear
 j - 2 scrolls of teleportation
 m - a scroll of identify
 p - a scroll of immolation {unknown}
Potions
 h - a potion of curing
 k - a potion of degeneration {unknown}
 l - a potion of flight {unknown}
 n - 2 potions of heal wounds {unknown}
 o - a potion of might {unknown}
 q - 2 potions of haste {unknown}


   Skills:
 + Level 4.6 Fighting
 - Level 3.6 Axes
 - Level 2.0 Throwing
 - Level 3.2 Dodging


You had 2 spell levels left.
You didn't know any spells.
Your spell library was empty.

Dungeon Overview and Level Annotations

Branches:
Dungeon (3/15)

Altars:


Innate Abilities, Weirdness & Mutations

You have a pair of horns on your head.
You reflexively headbutt those who attack you in melee.


Message History

The endoplasm freezes you.
You are frozen.
You hit the endoplasm.
You kill the endoplasm!
Found a short sword.
The orc completely misses you. You furiously retaliate!
You headbutt the orc, but do no damage.
The orc priest hits you with a +0 trident.
You closely miss the orc priest. You barely miss the orc.
The orc hits you with a +0 hand axe. The orc priest closely misses you.
The orc closely misses you.
Unknown command.
You hit the orc but do no damage. You headbutt the orc.
The orc is almost dead.
You hit the orc.
The orc barely misses you. x2; You furiously retaliate!
You headbutt the orc.
You kill the orc!
The orc priest closely misses you. The orc attacks as you move away!
The orc hits you with a +0 whip. The orc attacks as you move away!
The orc barely misses you.
Unknown command.
The orc attacks as you move away! The orc hits you with a +0 whip.
The orc attacks as you move away! The orc closely misses you.
The orc attacks as you move away! The orc barely misses you.
The orc priest mumbles some strange prayers to Beogh against you.
Beogh smites you!
Ouch! That really hurt!
* * * LOW HITPOINT WARNING * * *
You slash the orc!
You kill the orc!
The orc priest hits you with a +0 trident.
* * * LOW HITPOINT WARNING * * *
The orc wizard casts a spell.
The orc wizard flickers and vanishes!
Deactivating autopickup; reactivate with Ctrl-A.
Things that are here:
a +0 whip; an orc corpse You hit the orc priest but do no damage.
The orc priest calls down the wrath of Beogh upon you.
Pain shoots through your body!
You die...

#8 #... . ##.....
.) #8...... ####.#
##.....# ..... ##
####.....8# ...
8###8#.....#
########.#
..........#
#.oJS..o)♣
..........#
###@######.......
..........## #...#
...>.♣.
8###8#.....###.###
o...... ##
####.....8#.#
#♣....# ##.....#.#
...## #8......#
### ###.....#
##....# ##8###


You could see an orc priest, an orc, an endoplasm and a ball python.

Vanquished Creatures
  A dart slug (D:1)
  2 orcs (D:3)
  2 bats
  2 endoplasms
  5 giant cockroaches
  A goblin (D:2)
  2 hobgoblins (D:1)
  5 quokkas
  3 ball pythons
  3 frilled lizards
  4 kobolds
  4 rats
34 creatures vanquished.

Vanquished Creatures (others)
  72 plants (D:1)
72 creatures vanquished.

Grand Total: 106 creatures vanquished

Notes
Turn   | Place    | Note
-------+----------+-------------------------------------------
     0 | D:1      | DocClef the Minotaur Gladiator began the quest for the Orb.
     0 | D:1      | Reached XP level 1. HP: 18/18 MP: 0/0
   151 | D:1      | Reached skill level 3 in Fighting
   181 | D:1      | Found a faded altar of an unknown god.
   481 | D:1      | Reached XP level 2. HP: 26/26 MP: 1/1
   906 | D:2      | Reached skill level 4 in Fighting
  1070 | D:2      | Reached XP level 3. HP: 31/33 MP: 2/2
  1518 | D:3      | HP: 1/34 [orc priest/+0 trident (5)]
  1519 | D:3      | Killed from afar by an orc priest

Illustrated notes

Levels and vault maps discovered:
D:1:      roderic_crop_circles_arrival_small, layout_loops_ring,
          shapermc_ecumenical_altar_mp_ritualfount
D:2:      layout_basic, grunt_decor_arrowhead, eino_tiny_chamber
D:3:      layout_basic, grunt_ministairs_1, chequers_hall_statues_y

Skill      XL: |  1  2 |
---------------+-------+-----
Fighting       | 3 4 |  4.6
Axes           | |  3.6
Throwing       | |  2.0
Dodging        | |  3.2

Action                   || total
-------------------------++-------
Melee: War axe           ||   102
       Headbutt          ||    18
       Punch             ||     1
  Use: Potion            ||     2
       Scroll            ||     3
Armor: Leather armour    ||    17
Dodge: Dodged            ||    41

Table legend: (Time is in decaauts)
 A = Elapsed time spent in this place.
 B = Non-inter-level travel time spent in this place.
 C = Inter-level travel time spent in this place.
 D = Time resting spent in this place.
 E = Time spent auto-exploring this place.
 F = Levels seen in this place.
 G = Mean time per level.
                   A        B        C        D        E       F      G
               +--------+--------+--------+--------+--------+-----+--------+
         Total |   1550 |   1509 |     41 |      0 |   1211 |   3 |  516.7 |
       Dungeon |   1550 |   1509 |     41 |      0 |   1211 |   3 |  516.7 |
               +--------+--------+--------+--------+--------+-----+--------+

Top non-repeatable levels by time:
     D:1: 898 daAuts
     D:2: 596 daAuts
     D:3: 56 daAuts
